 Dungeon Crawl Stone Soup version 0.23.2-1-ga50397a (webtiles) character file.

Game seed: 2263962666490287370

9436 TheAlmogaver the Thaumaturge (level 11, -6/81 HPs)
             Began as a Gnoll Wizard on May 11, 2019.
             Was an Elder of Vehumet.
             Killed from afar by an ice statue (30 damage)
             ... with a shard of ice
             ... in an ice cave on May 13, 2019.
             The game lasted 01:27:46 (13972 turns).

TheAlmogaver the Thaumaturge (Gnoll Wizard)        Turns: 13972, Time: 01:27:48

Health: -6/81      AC: 20    Str: 16    XL:     11   Next: 46%
Magic:  31/33      EV: 16    Int: 23    God:    Vehumet [****..]
Gold:   694        SH:  0    Dex: 16    Spells: 12/29 levels left

rFire    + . .     SeeInvis .   L - +10 trident of Doom {protect, Dex+2}
rCold    . . .     Gourm    .   (no shield)
rNeg     . . .     Faith    .   k - +3 ring mail of Responsibility {Str+6}
rPois    +         Spirit   .   b - +0 hat
rElec    .         Reflect  .   o - +0 cloak {rPois}
rCorr    .         Harm     .   (no gloves)
MR       .....                  f - +2 pair of boots
Stlth    +++.......             B - amulet of rage
HPRegen  0.23/turn              v - ring of protection from fire
MPRegen  0.23/turn              u - ring of magical power

@: protection aura
A: distributed training, fangs 1, strong nose
a: Renounce Religion, Evoke Berserk Rage


You were in an ice cave.
You worshipped Vehumet.
Vehumet was greatly pleased with you.
You were not hungry.

You visited 2 branches of the dungeon, and saw 12 of its levels.
You also visited: Bailey and Ice Cave.

You collected 694 gold pieces.

Inventory:

Hand Weapons
 m - a +5 quarterstaff of chaos
 L - the +10 trident of Doom (weapon) {protect, Dex+2}
   (You found it on level 10 of the Dungeon)

   It protects the one who uses it against injury (+AC on strike).
   It affects your dexterity (+2).
Missiles
 l - 2 javelins of returning (quivered)
Armour
 b - a +0 hat (worn)
 f - a +2 pair of boots (worn)
 k - the +3 ring mail of Responsibility (worn) {Str+6}
   (You took it off an orc on level 10 of the Dungeon)

   It affects your strength (+6).
 o - a +0 cloak of poison resistance (worn)
 p - a +0 robe of magic resistance
 M - a +2 robe of fire resistance
Jewellery
 i - a +2 ring of intelligence
 u - a ring of magical power (right hand)
 v - a ring of protection from fire (left hand)
 B - an amulet of rage (around neck)
Wands
 n - a wand of flame (17)
 r - a wand of polymorph (9)
 y - a wand of random effects (23)
 D - a wand of paralysis (1)
 F - a wand of acid (5)
Scrolls
 g - a scroll of amnesia
 h - 8 scrolls of teleportation
 j - 6 scrolls of remove curse
 x - a scroll of magic mapping
 C - a scroll of identify
 E - 2 scrolls of fear
 G - 2 scrolls of blinking
 K - a scroll of enchant armour
Potions
 c - 2 potions of might
 e - 5 potions of curing
 q - 2 potions of lignification
 s - a potion of berserk rage
 t - a potion of magic
 w - a potion of agility
 z - 3 potions of mutation
 A - a potion of cancellation
 H - 2 potions of flight
 I - a potion of brilliance {unknown}
Comestibles
 d - 24 rations


   Skills:
 + Level 6.2 Fighting
 + Level 6.2 Short Blades
 + Level 6.2 Long Blades
 + Level 6.2 Axes
 + Level 6.2 Maces & Flails
 + Level 6.2 Polearms
 + Level 6.2 Staves
 + Level 6.2 Slings
 + Level 6.2 Bows
 + Level 6.2 Crossbows
 + Level 6.2 Throwing
 + Level 6.2 Armour
 + Level 7.8 Dodging
 + Level 7.5 Stealth
 + Level 6.2 Shields
 + Level 6.2 Unarmed Combat
 + Level 9.5 Spellcasting
 + Level 5.6 Conjurations
 + Level 5.1 Hexes
 + Level 5.1 Charms
 + Level 5.6 Summonings
 + Level 5.1 Necromancy
 + Level 5.6 Translocations
 + Level 5.1 Transmutations
 + Level 5.1 Fire Magic
 + Level 5.1 Ice Magic
 + Level 5.1 Air Magic
 + Level 5.1 Earth Magic
 + Level 5.1 Poison Magic
 + Level 6.8 Invocations
 + Level 6.2 Evocations


You had 12 spell levels left.
You knew the following spells:

 Your Spells              Type           Power        Failure   Level  Hunger
a - Magic Dart            Conj           ####         1%          1    None
b - Blink                 Tloc           N/A          1%          2    None
c - Call Imp              Summ           #####...     1%          2    None
d - Conjure Flame         Conj/Fire      #####...     1%          3    None
e - Mephitic Cloud        Conj/Pois/Air  #####...     1%          3    None
f - Searing Ray           Conj           #####.       1%          2    None
g - Throw Icicle          Conj/Ice       #####...     3%          4    ##.....

Your spell library contained the following spells:

 Spells                   Type           Power        Failure   Level  Hunger
 Slow                     Hex            ####....     1%          2    None


Dungeon Overview and Level Annotations

Branches:
Dungeon (11/15)            Temple (1/1) D:4            Lair (0/6) D:8
    Orc (0/2) D:10

Altars:
Ashenzari
Cheibriados
Dithmenos
Elyvilon
Fedhas
Gozag
Hepliaklqana
Kikubaaqudgha
Makhleb
Nemelex Xobeh
Okawaru
Qazlal
Ru
Sif Muna
Trog
Uskayaw
Vehumet
Wu Jian
Xom
Yredelemnul
Zin
The Shining One

Shops:
D:4 }   D:7 ?

Annotations:
IceCv exclusion: ice statue


Innate Abilities, Weirdness & Mutations

Your experience applies equally to all skills.
You have very sharp teeth.
Your uncanny sense of smell can sniff out nearby items.


Message History

The ice beast misses you.
Your crimson imp blinks!
Your white imp hits the ice beast but does no damage.
The ice beast barely misses you.
You puncture the ice statue!
The ice statue is almost destroyed.
The ice beast hits you but does no damage.
Your white imp hits the ice beast.
Your white imp freezes the ice beast.
The ice beast completely resists.
The ice statue gestures at you. The shard of ice hits you!!
* * * LOW HITPOINT WARNING * * *
The ice beast barely misses you.
You puncture the ice statue!
The ice statue is almost destroyed.
The ice beast closely misses you.
Your white imp barely misses the ice beast.
The ice statue gestures at you. The shard of ice hits you!!
You die...

#### ##.#.#### ####
##...5Y.8# #### ##..##
#.....Y@####..#####....#
#......55##....##.......
#...........#.......∩.∩.
##.........###..........
#.......### ##..##....#
#......## ######..##
#.......# #### ##.....##
##....#


You could see an ice statue, 2 ice beasts, 2 friendly crimson imps and a
friendly white imp.

Vanquished Creatures
  A centaur warrior (D:9)
  Pikel (D:8)
  A manticore (D:11)
  An ice statue (IceCv)
  A komodo dragon (D:8)
  A troll (D:10)
  2 hippogriffs
  A shadow (D:11)
  8 yaks
  A basilisk (D:8)
  A human (D:8)
  2 hungry ghosts
  3 porcupines (D:8)
  A slave (D:8)
  A necrophage (D:7)
  An ice beast (D:5)
  3 sky beasts
  2 orc warriors
  3 ogres
  A phantom (D:5)
  8 centaurs
  2 crocodiles (D:8)
  7 bullfrogs
  7 killer bees
  2 scorpions
  A howler monkey (D:6)
  5 crimson imps
  A centaur zombie (D:6)
  3 hounds
  3 bullfrog skeletons
  Crazy Yiuf (D:3)
  4 orc priests
  A jelly (D:8)
  5 orc wizards
  A centaur skeleton (D:8)
  3 iguanas
  5 worker ants
  A killer bee zombie (D:8)
  2 hound skeletons
  2 worker ant zombies
  6 adders
  A gnoll (D:1)
  16 white imps
  6 ufetubi (IceCv)
  3 adder skeletons
  An adder zombie (D:8)
  2 worms
  2 dart slugs
  2 leopard geckos
  30 orcs
  7 giant cockroaches
  8 goblins
  8 hobgoblins
  10 jackals
  9 quokkas
  2 ball pythons
  2 bats (D:1)
  2 frilled lizards
  6 kobolds
  A leopard gecko skeleton (D:7)
  A leopard gecko zombie (D:5)
  A quokka skeleton (D:8)
  A quokka zombie (D:5)
  5 rats
  A plant (D:8)
233 creatures vanquished.

Vanquished Creatures (collateral kills)
  A hippogriff (D:9)
  Sigmund (D:3)
  Eustachio (D:6)
  3 hogs (D:8)
  An orc warrior (D:9)
  2 sky beasts
  An ice beast (D:5)
  3 ogres
  A bullfrog (D:8)
  A crimson imp (D:7)
  2 orc wizards
  3 hounds
  A jelly (D:5)
  An orc priest (D:4)
  2 worker ants (D:6)
  4 adders
  An adder zombie (D:6)
  2 worms
  A dart slug (D:2)
  6 orcs
  A kobold (D:3)
  A leopard gecko zombie (D:5)
40 creatures vanquished.

Vanquished Creatures (others)
  A reaper (IceCv)
  A slave (D:9)
  A centaur (D:9)
  A crocodile (D:8)
  An adder (D:9)
  3 white imps (IceCv)
  4 ufetubi (IceCv)
  4 orcs (D:9)
  A bush (D:8)
  9 fungi (D:8)
  2 plants (D:8)
28 creatures vanquished.

Grand Total: 301 creatures vanquished

Notes
Turn   | Place    | Note
-------+----------+-------------------------------------------
     0 | D:1      | TheAlmogaver the Gnoll Wizard began the quest for the Orb.
     0 | D:1      | Reached XP level 1. HP: 13/13 MP: 8/8
   422 | D:1      | Reached XP level 2. HP: 19/19 MP: 6/10
  1055 | D:1      | Reached XP level 3. HP: 25/25 MP: 4/11
  1059 | D:1      | Learned a level 2 spell: Blink
  1062 | D:1      | Learned a level 2 spell: Call Imp
  1066 | D:1      | Learned a level 3 spell: Conjure Flame
  1070 | D:1      | Learned a level 3 spell: Mephitic Cloud
  1632 | D:2      | Reached skill level 1 in Invocations
  1959 | D:3      | Reached skill level 1 in Fighting
  1959 | D:3      | Reached skill level 1 in Short Blades
  1959 | D:3      | Reached skill level 1 in Long Blades
  1959 | D:3      | Reached skill level 1 in Axes
  1959 | D:3      | Reached skill level 1 in Maces & Flails
  1959 | D:3      | Reached skill level 1 in Polearms
  1959 | D:3      | Reached skill level 1 in Staves
  1959 | D:3      | Reached skill level 1 in Slings
  1959 | D:3      | Reached skill level 1 in Bows
  1959 | D:3      | Reached skill level 1 in Crossbows
  1959 | D:3      | Reached skill level 1 in Throwing
  1959 | D:3      | Reached skill level 1 in Armour
  1959 | D:3      | Reached skill level 1 in Shields
  1959 | D:3      | Reached skill level 1 in Unarmed Combat
  1959 | D:3      | Reached skill level 1 in Evocations
  2013 | D:3      | Reached XP level 4. HP: 32/32 MP: 10/13
  2268 | D:3      | Found a runed translucent door.
  2269 | D:3      | Noticed Crazy Yiuf
  2292 | D:3      | Killed Crazy Yiuf
  2292 | D:3      | Reached skill level 1 in Hexes
  2292 | D:3      | Reached skill level 1 in Charms
  2292 | D:3      | Reached skill level 1 in Necromancy
  2292 | D:3      | Reached skill level 1 in Transmutations
  2292 | D:3      | Reached skill level 1 in Fire Magic
  2292 | D:3      | Reached skill level 1 in Ice Magic
  2292 | D:3      | Reached skill level 1 in Air Magic
  2292 | D:3      | Reached skill level 1 in Earth Magic
  2292 | D:3      | Reached skill level 1 in Poison Magic
  2444 | D:3      | Reached XP level 5. HP: 37/37 MP: 5/14
  2689 | D:3      | Noticed Sigmund
  2700 | D:3      | Killed Sigmund
  2700 | D:3      | Reached XP level 6. HP: 42/44 MP: 4/16
  3207 | D:4      | Reached skill level 5 in Dodging
  3419 | D:4      | Found Bouniucw's Gadget Shop.
  3770 | D:4      | Found a staircase to the Ecumenical Temple.
  4143 | D:4      | Reached XP level 7. HP: 43/50 MP: 3/18
  4276 | Temple   | Entered the Ecumenical Temple
  4335 | Temple   | Became a worshipper of Vehumet
  4373 | D:5      | Entered Level 5 of the Dungeon
  4937 | D:5      | Reached skill level 5 in Stealth
  5391 | D:5      | Reached XP level 8. HP: 49/57 MP: 18/19
  5405 | D:5      | Reached * piety under Vehumet
  5405 | D:5      | Offered knowledge of Shock by Vehumet.
  6354 | D:5      | Reached skill level 8 in Spellcasting
  6969 | D:6      | Noticed Eustachio
  6980 | D:5      | Reached XP level 9. HP: 45/65 MP: 14/21
  7175 | D:6      | Killed Eustachio
  7432 | D:7      | Found a flagged portal.
  7433 | D:7      | Reached ** piety under Vehumet
  7433 | D:7      | Offered knowledge of Searing Ray by Vehumet.
  7465 | Bailey   | Entered a bailey
  8168 | D:7      | Found Qocuva Elau's Magic Scroll Emporium.
  8249 | D:7      | Learned a level 2 spell: Searing Ray
  8686 | D:8      | Offered knowledge of Throw Frost by Vehumet.
  9065 | D:8      | Reached skill level 5 in Invocations
  9069 | D:8      | Reached XP level 10. HP: 61/73 MP: 22/22
  9402 | D:8      | Reached *** piety under Vehumet
  9413 | D:8      | Reached skill level 5 in Fighting
  9413 | D:8      | Reached skill level 5 in Short Blades
  9413 | D:8      | Reached skill level 5 in Long Blades
  9413 | D:8      | Reached skill level 5 in Axes
  9413 | D:8      | Reached skill level 5 in Maces & Flails
  9413 | D:8      | Reached skill level 5 in Polearms
  9413 | D:8      | Reached skill level 5 in Staves
  9413 | D:8      | Reached skill level 5 in Slings
  9413 | D:8      | Reached skill level 5 in Bows
  9413 | D:8      | Reached skill level 5 in Crossbows
  9413 | D:8      | Reached skill level 5 in Throwing
  9413 | D:8      | Reached skill level 5 in Armour
  9413 | D:8      | Reached skill level 5 in Shields
  9413 | D:8      | Reached skill level 5 in Unarmed Combat
  9413 | D:8      | Reached skill level 5 in Evocations
  9530 | D:8      | Found a staircase to the Lair.
 10006 | D:8      | Found a glowing silver altar of Zin.
 10160 | D:8      | Reached skill level 9 in Spellcasting
 10341 | D:8      | Reached skill level 5 in Conjurations
 10341 | D:8      | Reached skill level 5 in Summonings
 10341 | D:8      | Reached skill level 5 in Translocations
 10690 | D:9      | Noticed Pikel
 10845 | D:8      | Killed Pikel
 10955 | D:9      | Offered knowledge of Static Discharge by Vehumet.
 11430 | D:9      | Noticed a centaur warrior
 11446 | D:9      | Killed a centaur warrior
 11446 | D:9      | Reached XP level 11. HP: 81/81 MP: 24/24
 11527 | D:9      | Reached **** piety under Vehumet
 12081 | D:10     | Entered Level 10 of the Dungeon
 12373 | D:10     | Offered knowledge of Throw Icicle by Vehumet.
 12382 | D:10     | Learned a level 4 spell: Throw Icicle
 12636 | D:10     | Identified the +3 ring mail of Responsibility {Str+6}
 12750 | D:10     | Reached skill level 5 in Hexes
 12750 | D:10     | Reached skill level 5 in Charms
 12750 | D:10     | Reached skill level 5 in Necromancy
 12750 | D:10     | Reached skill level 5 in Transmutations
 12750 | D:10     | Reached skill level 5 in Fire Magic
 12750 | D:10     | Reached skill level 5 in Ice Magic
 12750 | D:10     | Reached skill level 5 in Air Magic
 12750 | D:10     | Reached skill level 5 in Earth Magic
 12750 | D:10     | Reached skill level 5 in Poison Magic
 12783 | D:10     | Got a slimy trident
 12806 | D:10     | Identified the +10 trident of Doom {protect, Dex+2} (You
                  | found it on level 10 of the Dungeon)
 13056 | D:10     | Found a staircase to the Orcish Mines.
 13234 | D:11     | Noticed a red ugly thing
 13459 | D:11     | Found a frozen archway.
 13462 | D:11     | Noticed a manticore
 13480 | D:11     | Killed a manticore
 13532 | IceCv    | Entered an ice cave
 13763 | IceCv    | Killed a reaper
 13972 | IceCv    | Killed from afar by an ice statue

Skill      XL: |  1  2  3  4  5  6  7  8  9 10 11 |
---------------+----------------------------------+-----
Conjurations   | 2 3 4 5 |  5.6
Summonings     | 2 3 4 5 |  5.6
Translocations | 2 3 4 5 |  5.6
Invocations    | 1 2 3 4 5 6 |  6.8
Fighting       | 1 2 3 4 5 6 |  6.2
Short Blades   | 1 2 3 4 5 6 |  6.2
Long Blades    | 1 2 3 4 5 6 |  6.2
Axes           | 1 2 3 4 5 6 |  6.2
Maces & Flails | 1 2 3 4 5 6 |  6.2
Polearms       | 1 2 3 4 5 6 |  6.2
Staves         | 1 2 3 4 5 6 |  6.2
Slings         | 1 2 3 4 5 6 |  6.2
Bows           | 1 2 3 4 5 6 |  6.2
Crossbows      | 1 2 3 4 5 6 |  6.2
Throwing       | 1 2 3 4 5 6 |  6.2
Armour         | 1 2 3 4 5 6 |  6.2
Shields        | 1 2 3 4 5 6 |  6.2
Unarmed Combat | 1 2 3 4 5 6 |  6.2
Evocations     | 1 2 3 4 5 6 |  6.2
Hexes          | 1 2 3 4 5 |  5.1
Charms         | 1 2 3 4 5 |  5.1
Necromancy     | 1 2 3 4 5 |  5.1
Transmutations | 1 2 3 4 5 |  5.1
Fire Magic     | 1 2 3 4 5 |  5.1
Ice Magic      | 1 2 3 4 5 |  5.1
Air Magic      | 1 2 3 4 5 |  5.1
Earth Magic    | 1 2 3 4 5 |  5.1
Poison Magic   | 1 2 3 4 5 |  5.1
Dodging        | 5 6 7 |  7.8
Stealth        | 5 6 7 |  7.5
Spellcasting   | 8 9 |  9.5

Action                   |  1- 3 |  4- 6 |  7- 9 | 10-12 || total
-------------------------+-------+-------+-------+-------++-------
Melee: Quarterstaff      |       |     8 |    10 |    92 ||   110
       Whip              |       |     3 |       |       ||     3
       Bite              |       |     1 |       |    27 ||    28
       Trident           |       |       |       |    86 ||    86
       Punch             |       |       |       |     4 ||     4
 Cast: Magic Dart        |    73 |    91 |   211 |    29 ||   404
       Call Imp          |     4 |    29 |    69 |    53 ||   155
       Mephitic Cloud    |       |     6 |    26 |    29 ||    61
       Blink             |       |       |    14 |     5 ||    19
       Conjure Flame     |       |       |     5 |     9 ||    14
       Searing Ray       |       |       |     8 |    44 ||    52
       Throw Icicle      |       |       |       |     8 ||     8
Evoke: Wand              |       |       |     2 |     5 ||     7
  Use: Scroll            |       |       |    14 |     9 ||    23
       Potion            |       |       |     1 |       ||     1
 Stab: Petrified         |       |     1 |       |       ||     1
       Confused          |       |       |     1 |     3 ||     4
       Sleeping          |       |       |       |     2 ||     2
       Distracted        |       |       |       |     1 ||     1
  Eat: Chunk             |     3 |     5 |    13 |    10 ||    31
       Ration            |       |       |     1 |     2 ||     3
Armor: Robe              |     4 |     3 |    34 |    29 ||    70
       Ring mail         |       |       |       |    58 ||    58
Dodge: Dodged            |     5 |    17 |   137 |   192 ||   351
